[ AOE2 MATCH · #495326540 ]
UnrankedVikings vs Wei
Player's team · WIN
Rival team · LOSS
[ REPLAY ANALYSIS · EXTRACTED FROM THE RECORDED GAME ]
Feudal
11:20
Castle
14:50
Imperial
24:53
| APM avg | 45.8 |
| APM peak | 82 |
| eAPM avg | 29.5 |
| Villagers / military | 180 / 197 |
Focus
⚔️ 44.8% · 🌾 55.2%
Berserk ×104 · Archer ×71 · Trebuchet (Packed) ×12 · Monk ×6 · Scout Cavalry ×3 · Militia ×1
Feudal
10:31
Castle
14:06
Imperial
32:33
| APM avg | 47.9 |
| APM peak | 88 |
| eAPM avg | 27.6 |
| Villagers / military | 169 / 84 |
Focus
⚔️ 35.8% · 🌾 64.2%
Scout Cavalry ×50 · Unknown (1944) ×33 · Scorpion ×15 · Unknown (1949) ×11 · Mangonel ×8 · Spearman ×7
Match map
Initial resources + every placement click. Lines = walls · curves = elevation contours. ◆ gold · ⬟ stone · ● berries · ✦ relic · ◌ wall gap
Your base· ✓ Closed at 14:50 · 6t walls · 4 gate(s)
JOLIAT's base· ✓ Closed at 14:06 · 5t walls · 2 gate(s)
Smoothed initial terrain · ◌ = detected wall gap · hover for details
Inputs per minute
— sane - - JOLIAT
Build order — sane
First 150 of 608 actions detected
| 0:00 | Queue | Villager (Male) |
| 0:01 | Queue | Villager (Male) |
| 0:01 | Queue | Villager (Male) |
| 0:02 | Build | House |
| 0:04 | Build | House |
| 0:15 | Queue | Villager (Male) |
| 1:29 | Queue | Villager (Male) |
| 1:57 | Build | Palisade Gate |
| 1:59 | Build | Palisade Wall |
| 2:00 | Queue | Villager (Male) |
| 2:04 | Build | Palisade Wall |
| 2:07 | Build | Palisade Wall |
| 2:10 | Build | Palisade Wall |
| 2:14 | Build | Palisade Wall |
| 2:17 | Build | Palisade Wall |
| 2:21 | Queue | Villager (Male) |
| 2:34 | Queue | Villager (Male) |
| 2:40 | Build | Lumber Camp |
| 3:08 | Queue | Villager (Male) |
| 3:27 | Queue | Villager (Male) |
| 3:43 | Build | House |
| 4:00 | Queue | Villager (Male) |
| 4:10 | Build | House |
| 4:21 | Queue | Villager (Male) |
| 4:23 | Build | House |
| 4:31 | Queue | Villager (Male) |
| 5:00 | Queue | Villager (Male) |
| 5:29 | Build | Mill |
| 5:41 | Queue | Villager (Male) |
| 5:43 | Queue | Villager (Male) |
| 6:14 | Queue | Villager (Male) |
| 6:37 | Queue | Villager (Male) |
| 6:55 | Queue | Villager (Male) |
| 7:30 | Queue | Villager (Male) |
| 7:34 | Build | Farm |
| 7:35 | Build | Farm |
| 7:37 | Build | Farm |
| 7:41 | Queue | Villager (Male) |
| 8:09 | Queue | Villager (Male) |
| 8:29 | Research | Feudal Age |
| 8:43 | Build | Farm |
| 8:56 | Build | Mining Camp |
| 9:34 | Queue | Villager (Male) |
| 9:35 | Queue | Villager (Male) |
| 10:17 | Build | Barracks |
| 11:20 | Age | Feudal Age |
| 11:24 | Build | Blacksmith |
| 11:26 | Build | Stable |
| 11:58 | Build | House |
| 12:05 | Research | Castle Age |
| 12:13 | Build | Farm |
| 12:14 | Build | Farm |
| 12:19 | Queue | Villager (Male) |
| 12:22 | Build | House |
| 12:30 | Build | House |
| 12:30 | Build | House |
| 12:33 | Queue | Villager (Male) |
| 12:42 | Build | Farm |
| 12:51 | Research | Double-Bit Axe |
| 13:04 | Queue | Scout Cavalry |
| 13:17 | Queue | Scout Cavalry |
| 13:31 | Queue | Villager (Male) |
| 13:56 | Queue | Villager (Male) |
| 13:59 | Build | House |
| 13:59 | Build | House |
| 14:08 | Research | Horse Collar |
| 14:28 | Queue | Villager (Male) |
| 14:31 | Build | Farm |
| 14:33 | Build | Farm |
| 14:42 | Queue | Scout Cavalry |
| 14:50 | Age | Castle Age |
| 14:53 | Build | Monastery |
| 15:22 | Research | Bow Saw |
| 15:28 | Queue | Villager (Male) |
| 15:38 | Queue | Monk |
| 15:43 | Queue | Villager (Male) |
| 15:50 | Build | Farm |
| 15:53 | Build | Farm |
| 15:54 | Queue | Villager (Male) |
| 16:01 | Queue | Monk |
| 16:22 | Queue | Villager (Male) |
| 16:27 | Queue | Villager (Male) |
| 16:31 | Build | Farm |
| 16:37 | Build | Town Center |
| 16:43 | Queue | Monk |
| 16:52 | Build | Farm |
| 17:14 | Build | Farm |
| 17:15 | Queue | Villager (Male) |
| 17:26 | Build | Farm |
| 17:27 | Queue | Villager (Male) |
| 17:27 | Queue | Villager (Male) |
| 17:40 | Build | Farm |
| 17:45 | Build | Farm |
| 17:46 | Queue | Villager (Male) |
| 17:55 | Build | Farm |
| 17:57 | Queue | Villager (Male) |
| 18:00 | Queue | Villager (Male) |
| 18:08 | Queue | Villager (Male) |
| 18:12 | Build | Farm |
| 18:13 | Build | Farm |
| 18:31 | Build | Farm |
| 18:32 | Queue | Villager (Male) |
| 18:32 | Queue | Villager (Male) |
| 18:39 | Queue | Villager (Male) |
| 18:50 | Build | Lumber Camp |
| 18:51 | Build | Farm |
| 18:54 | Queue | Villager (Male) |
| 18:54 | Queue | Villager (Male) |
| 18:58 | Queue | Villager (Male) |
| 19:35 | Build | Lumber Camp |
| 19:37 | Queue | Villager (Male) |
| 19:42 | Queue | Villager (Male) |
| 20:08 | Build | University |
| 20:18 | Queue | Villager (Male) |
| 20:53 | Queue | Villager (Male) |
| 20:53 | Queue | Villager (Male) |
| 21:06 | Build | House |
| 21:14 | Queue | Villager (Male) |
| 21:14 | Queue | Villager (Male) |
| 21:40 | Research | Imperial Age |
| 21:42 | Build | Farm |
| 22:10 | Queue | Villager (Male) |
| 22:10 | Queue | Villager (Male) |
| 22:11 | Build | Farm |
| 22:23 | Research | Fletching |
| 22:25 | Queue | Monk |
| 22:27 | Build | House |
| 22:55 | Build | Market |
| 23:09 | Queue | Villager (Male) |
| 23:10 | Queue | Villager (Male) |
| 23:10 | Queue | Villager (Male) |
| 23:12 | Research | Bodkin Arrow |
| 23:25 | Build | Castle |
| 23:35 | Queue | Villager (Male) |
| 23:35 | Queue | Villager (Male) |
| 23:41 | Build | House |
| 23:42 | Build | House |
| 23:47 | Build | House |
| 23:50 | Build | House |
| 23:52 | Queue | Villager (Male) |
| 23:52 | Queue | Villager (Male) |
| 23:53 | Queue | Villager (Male) |
| 24:08 | Build | Mining Camp |
| 24:14 | Build | Farm |
| 24:18 | Queue | Berserk |
| 24:18 | Queue | Berserk |
| 24:53 | Age | Imperial Age |
| 24:54 | Queue | Trebuchet (Packed) |
| 24:54 | Queue | Trebuchet (Packed) |
| 25:00 | Research | Bracer |
Build order — JOLIAT
First 150 of 489 actions detected
| 0:00 | Queue | Villager (Male) |
| 0:01 | Queue | Villager (Male) |
| 0:03 | Build | House |
| 0:05 | Build | House |
| 0:15 | Queue | Villager (Male) |
| 0:15 | Queue | Villager (Male) |
| 1:35 | Queue | Villager (Male) |
| 2:03 | Queue | Villager (Male) |
| 2:26 | Queue | Villager (Male) |
| 2:26 | Queue | Villager (Male) |
| 2:50 | Queue | Villager (Male) |
| 2:50 | Queue | Villager (Male) |
| 3:10 | Build | Lumber Camp |
| 3:12 | Queue | Villager (Male) |
| 3:12 | Queue | Villager (Male) |
| 3:56 | Queue | Villager (Male) |
| 4:08 | Queue | Villager (Male) |
| 4:12 | Build | House |
| 4:19 | Queue | Villager (Male) |
| 4:35 | Build | House |
| 4:39 | Queue | Villager (Male) |
| 4:48 | Build | Palisade Wall |
| 4:55 | Build | Palisade Wall |
| 4:57 | Build | Palisade Wall |
| 5:00 | Build | Palisade Wall |
| 5:04 | Build | Palisade Wall |
| 5:13 | Queue | Villager (Male) |
| 5:27 | Build | House |
| 5:33 | Build | House |
| 5:39 | Queue | Villager (Male) |
| 5:39 | Queue | Villager (Male) |
| 6:01 | Build | Mill |
| 6:34 | Queue | Villager (Male) |
| 7:26 | Queue | Villager (Male) |
| 7:50 | Build | Farm |
| 7:56 | Queue | Villager (Male) |
| 8:18 | Research | Feudal Age |
| 10:26 | Queue | Villager (Male) |
| 10:26 | Queue | Villager (Male) |
| 10:31 | Age | Feudal Age |
| 10:33 | Build | House |
| 10:34 | Build | Market |
| 10:41 | Build | Blacksmith |
| 11:26 | Research | Castle Age |
| 11:42 | Research | Double-Bit Axe |
| 12:17 | Research | Horse Collar |
| 12:36 | Build | Farm |
| 12:37 | Build | Farm |
| 12:38 | Build | Farm |
| 13:38 | Build | House |
| 13:43 | Queue | Villager (Male) |
| 14:06 | Age | Castle Age |
| 14:07 | Build | Town Center |
| 14:08 | Queue | Villager (Male) |
| 14:10 | Build | Town Center |
| 14:12 | Research | Bow Saw |
| 14:39 | Research | Heavy Plow |
| 14:47 | Build | Farm |
| 14:55 | Queue | Villager (Male) |
| 14:58 | Build | Farm |
| 15:20 | Build | Farm |
| 15:23 | Queue | Villager (Male) |
| 15:25 | Build | Farm |
| 15:36 | Queue | Villager (Male) |
| 15:46 | Research | Wheelbarrow |
| 15:50 | Build | Farm |
| 15:52 | Build | Farm |
| 15:54 | Build | Farm |
| 16:02 | Queue | Villager (Male) |
| 16:08 | Build | Farm |
| 16:10 | Build | Farm |
| 16:14 | Build | Farm |
| 16:18 | Queue | Villager (Male) |
| 16:29 | Build | Farm |
| 16:32 | Build | Farm |
| 16:34 | Build | Farm |
| 16:37 | Queue | Villager (Male) |
| 16:51 | Queue | Villager (Male) |
| 16:56 | Queue | Villager (Male) |
| 17:04 | Queue | Villager (Male) |
| 17:09 | Build | Farm |
| 17:11 | Build | Farm |
| 17:11 | Build | Farm |
| 17:15 | Build | House |
| 17:18 | Queue | Villager (Male) |
| 17:24 | Queue | Villager (Male) |
| 17:26 | Queue | Villager (Male) |
| 17:34 | Build | House |
| 17:44 | Queue | Villager (Male) |
| 17:51 | Queue | Villager (Male) |
| 17:52 | Queue | Villager (Male) |
| 17:52 | Queue | Villager (Male) |
| 17:54 | Build | House |
| 18:19 | Build | Barracks |
| 18:20 | Queue | Villager (Male) |
| 18:20 | Queue | Villager (Male) |
| 18:20 | Queue | Villager (Male) |
| 18:37 | Build | House |
| 18:47 | Queue | Villager (Male) |
| 18:48 | Queue | Villager (Male) |
| 18:51 | Build | Farm |
| 18:52 | Queue | Villager (Male) |
| 19:01 | Build | Mining Camp |
| 19:08 | Build | House |
| 19:11 | Queue | Villager (Male) |
| 19:11 | Queue | Villager (Male) |
| 19:11 | Queue | Villager (Male) |
| 19:13 | Build | House |
| 19:22 | Build | Stable |
| 19:35 | Research | Hand Cart |
| 19:39 | Queue | Villager (Male) |
| 19:45 | Queue | Spearman |
| 19:50 | Build | Farm |
| 19:52 | Build | Farm |
| 19:55 | Queue | Villager (Male) |
| 19:58 | Build | House |
| 20:05 | Queue | Villager (Male) |
| 20:12 | Research | Gold Mining |
| 20:15 | Queue | Villager (Male) |
| 20:28 | Queue | Unit 1944 |
| 20:30 | Build | Farm |
| 20:35 | Queue | Villager (Male) |
| 20:36 | Build | House |
| 20:41 | Queue | Spearman |
| 20:45 | Queue | Spearman |
| 20:57 | Queue | Villager (Male) |
| 20:58 | Queue | Villager (Male) |
| 21:05 | Queue | Villager (Male) |
| 21:08 | Build | House |
| 21:47 | Build | Castle |
| 21:48 | Queue | Villager (Male) |
| 21:48 | Queue | Villager (Male) |
| 21:48 | Queue | Villager (Male) |
| 21:54 | Queue | Spearman |
| 21:54 | Queue | Spearman |
| 21:55 | Queue | Spearman |
| 22:11 | Build | Stable |
| 22:12 | Research | Light Cavalry (upgrade) |
| 22:13 | Queue | Villager (Male) |
| 22:13 | Queue | Villager (Male) |
| 22:13 | Queue | Villager (Male) |
| 22:20 | Research | Forging |
| 22:23 | Build | Farm |
| 22:23 | Build | Farm |
| 22:34 | Build | Palisade Gate |
| 22:37 | Build | Palisade Wall |
| 22:40 | Build | Palisade Wall |
| 22:42 | Build | Palisade Wall |
| 22:44 | Build | Palisade Wall |
| 22:50 | Queue | Villager (Male) |
Match timeline
| 1:59 | sane · wall_segment Palisade Wall x1 |
| 2:04 | sane · wall_segment Palisade Wall x1 |
| 2:07 | sane · wall_segment Palisade Wall x1 |
| 2:10 | sane · wall_segment Palisade Wall x1 |
| 2:14 | sane · wall_segment Palisade Wall x1 |
| 2:17 | sane · wall_segment Palisade Wall x1 |
| 4:48 | JOLIAT · wall_segment Palisade Wall x1 |
| 4:55 | JOLIAT · wall_segment Palisade Wall x1 |
| 4:57 | JOLIAT · wall_segment Palisade Wall x1 |
| 5:00 | JOLIAT · wall_segment Palisade Wall x1 |
| 5:04 | JOLIAT · wall_segment Palisade Wall x1 |
| 10:17 | sane · first_building Barracks |
| 10:31 | JOLIAT · age_up feudal |
| 11:20 | sane · age_up feudal |
| 11:26 | sane · first_building Stable |
| 14:06 | JOLIAT · age_up castle |
| 14:50 | sane · age_up castle |
| 14:53 | sane · first_building Monastery |
| 18:19 | JOLIAT · first_building Barracks |
| 19:22 | JOLIAT · first_building Stable |
| 21:47 | JOLIAT · first_building Castle |
| 22:37 | JOLIAT · wall_segment Palisade Wall x1 |
| 22:40 | JOLIAT · wall_segment Palisade Wall x1 |
| 22:42 | JOLIAT · wall_segment Palisade Wall x1 |
| 22:44 | JOLIAT · wall_segment Palisade Wall x1 |
| 23:25 | sane · first_building Castle |
| 23:47 | JOLIAT · first_building Monastery |
| 24:46 | JOLIAT · first_building Siege Workshop |
| 24:53 | sane · age_up imperial |
| 26:18 | sane · first_building Archery Range |
| 26:49 | sane · first_market_buy 100 wood |
| 27:53 | JOLIAT · first_market_buy 100 stone |
| 28:59 | sane · first_market_sell 100 food |
| 29:09 | JOLIAT · wall_segment Palisade Wall x1 |
| 29:13 | JOLIAT · wall_segment Palisade Wall x1 |
| 32:33 | JOLIAT · age_up imperial |
| 32:54 | sane · wall_segment Stone Wall x1 |
| 33:46 | JOLIAT · wall_segment Stone Wall x4 |
| 34:19 | JOLIAT · wall_segment Stone Wall x1 |
| 40:27 | JOLIAT · first_market_sell 500 wood |
| 46:48 | JOLIAT · resign |
[ AI ANALYSIS · 1 CREDIT ]
What really happened in this match?
Wolo.gg analyzes every decision: build order, eco, micro, common mistakes by bracket. Personalized analysis on WhatsApp or Discord in 30 seconds.
Civ guide
Vikings
Perfil
Jugador #4116886